 Dungeon Crawl Stone Soup version 0.28.0-1-gb440e238dd (webtiles) character file.

Game seed: 14666861510057742087

85 Ablot the Grasshopper (level 4, -1/38 HPs)
             Began as a Gnoll Warper on Feb 23, 2022.
             Slain by a gnoll (4 damage)
             ... on level 3 of the Dungeon.
             The game lasted 00:04:13 (2536 turns).

Ablot the Grasshopper (Gnoll Warper)                Turns: 2536, Time: 00:04:14

Health: -1/38      AC:  6    Str: 12    XL:     4   Next: 48%
Magic:  11/11      EV: 12    Int: 18    God:
Gold:   95         SH:  5    Dex: 12    Spells: 11/13 levels left

rFire   . . .      SeeInvis .   a - +0 spear
rCold   . . .      Faith    .   e - +2 buckler
rNeg    . . .      Spirit   .   b - +0 leather armour
rPois   .          Reflect  .   s - +1 hat
rElec   .          Harm     .   q - +0 cloak
rCorr   .          Rampage  .   (no gloves)
Will    .....                   o - +0 pair of boots
Stlth   +.........              (no amulet)
HPRegen 0.12/turn               n - +6 ring of intelligence
MPRegen 0.12/turn               (no ring)

@: no status effects
A: fangs 1, strong nose, distributed training
a: no special abilities


You were on level 3 of the Dungeon.
You visited 1 branch of the dungeon, and saw 3 of its levels.

You collected 95 gold pieces.

Inventory:

Hand Weapons
 a - a +0 spear (weapon)
Missiles
 d - 5 boomerangs of dispersal (quivered)
 g - 34 stones
 j - 36 arrows
Armour
 b - a +0 leather armour (worn)
 e - a +2 buckler (worn)
 o - a +0 pair of boots (worn)
 q - a +0 cloak (worn)
 s - a +1 hat (worn)
Jewellery
 f - an amulet of faith
 n - a +6 ring of intelligence (left hand)
Wands
 l - a wand of polymorph (12)
Scrolls
 c - a scroll of blinking
 h - 4 scrolls of identify {unknown}
 i - a scroll of vulnerability {unknown}
 p - a scroll of teleportation {unknown}
Potions
 k - 2 potions of invisibility {unknown}
 m - 2 potions of lignification {unknown}
 r - a potion of heal wounds {unknown}


   Skills:
 + Level 4.6 Fighting
 + Level 1.1 Short Blades
 + Level 1.1 Long Blades
 + Level 1.1 Axes
 + Level 1.1 Maces & Flails
 + Level 4.6 Polearms
 + Level 1.1 Staves
 + Level 1.1 Slings
 + Level 1.1 Bows
 + Level 1.1 Crossbows
 + Level 2.7 Throwing
 + Level 2.7 Armour
 + Level 4.6 Dodging
 + Level 1.1 Stealth
 + Level 1.1 Shields
 + Level 1.1 Unarmed Combat
 + Level 5.1 Spellcasting
 + Level 0.9 Conjurations
 + Level 0.9 Hexes
 + Level 0.9 Summonings
 + Level 0.9 Necromancy
 + Level 5.4 Translocations
 + Level 0.9 Transmutations
 + Level 0.9 Fire Magic
 + Level 0.9 Ice Magic
 + Level 0.9 Air Magic
 + Level 0.9 Earth Magic
 + Level 0.9 Poison Magic
 + Level 1.2 Invocations
 + Level 1.1 Evocations


You had 11 spell levels left.
You knew the following spells:

 Your Spells              Type           Power      Damage    Failure   Level
a - Blink                 Tloc           48%        N/A       3%          2

Your spell library contained the following spells:

 Spells                   Type           Power      Damage    Failure   Level
 Apportation              Tloc           48%        N/A       2%          1
 Gell's Gravitas          Tloc           24%        N/A       7%          3
 Lesser Beckoning         Tloc           24%        N/A       7%          3
 Teleport Other           Tloc           24%        N/A       7%          3
 Inner Flame              Hex/Fire       7%         N/A       43%         3
 Manifold Assault         Tloc           24%        N/A       54%         5
 Cause Fear               Hex            3%         N/A       83%         4
 Alistair's Intoxication  Tmut/Pois      4%         N/A       99%         5
 Discord                  Hex            3%         N/A       100%        8


Dungeon Overview and Level Annotations

Branches:
Dungeon (3/15)

Altars:

Annotations:
D:3 exclusion: door


Innate Abilities, Weirdness & Mutations

You have very sharp teeth.
Your uncanny sense of smell can sniff out nearby items.
Your experience applies equally to all skills.


Message History

You hit the gnoll.
The gnoll is almost dead.
The gnoll closely misses you.
You barely miss the gnoll.
The gnoll is almost dead.
You see here a bat corpse.
You hit the gnoll.
The gnoll is almost dead.
The gnoll hits you with a +0 club.
You hit the gnoll.
You kill the gnoll!
You reach to attack!
You hit the gnoll.
The gnoll is heavily wounded.
The gnoll hits you but does no damage.
You reach to attack!
You completely miss the gnoll.
The gnoll is heavily wounded.
The gnoll hits you from afar with a +2 vorpal halberd.
You reach to attack!
You hit the gnoll.
The gnoll is almost dead.
You reach to attack!
You hit the gnoll.
The gnoll is almost dead.
You block the gnoll's attack.
You reach to attack!
You closely miss the gnoll.
The gnoll is almost dead.
The gnoll barely misses you.
You reach to attack!
You completely miss the gnoll.
The gnoll is almost dead.
The gnoll hits you from afar with a +2 vorpal halberd!
Unknown command.
You are too injured to fight recklessly!
Unknown command.
You are too injured to fight recklessly!
Reach: a) +0 spear
Press: ? - help, Dir - move target, f/p - gnoll
Aim: a gnoll, wielding a +2 vorpal halberd (almost dead, about 32% to evade your +0 spear)
You reach to attack!
You barely miss the gnoll.
The gnoll is almost dead.
The gnoll hits you from afar with a +2 vorpal halberd!
* * * LOW HITPOINT WARNING * * *
You die...

#.# #.# ##. #.#
######.######### .
#.# #.....#..^.....#
.
#.###.####.#######.#
. ...##.# #g# #.# .
...†..# #g# #.#
...#### #.# ##.# #
#.## #.######.>#.##
#.# #.nlgg.@.<...#
..#
##########.........
.... ### #....#
#.#...#### #...#
#.##.#
#......######...#
#.##.#
#########...#...#
#.##.# #.>.#.⌠.#
#.##.# #...#lS.#
#.##.# #####...##+##
#)##.# #..).........


You could see a necrophage, an iguana and 2 gnolls.

Vanquished Creatures
  2 gnolls (D:3)
  2 adders
  2 dart slugs
  4 ball pythons
  A bat (D:3)
  4 endoplasms
  3 giant cockroaches
  3 goblins
  6 hobgoblins
  5 quokkas
  2 frilled lizards (D:2)
  5 kobolds (D:1)
  2 rats
41 creatures vanquished.

Notes
Turn   | Place    | Note
-------+----------+-------------------------------------------
     0 | D:1      | Ablot the Gnoll Warper began the quest for the Orb.
     0 | D:1      | Reached XP level 1. HP: 20/20 MP: 6/6
   300 | D:1      | Reached XP level 2. HP: 26/26 MP: 7/7
   683 | D:1      | Learned a level 2 spell: Blink
   913 | D:1      | Found a faded altar of an unknown god.
  1396 | D:1      | Reached XP level 3. HP: 27/31 MP: 9/9
  1532 | D:2      | Reached skill level 5 in Spellcasting
  1798 | D:2      | Reached skill level 1 in Invocations
  2300 | D:3      | Reached skill level 1 in Short Blades
  2300 | D:3      | Reached skill level 1 in Long Blades
  2300 | D:3      | Reached skill level 1 in Axes
  2300 | D:3      | Reached skill level 1 in Maces & Flails
  2300 | D:3      | Reached skill level 1 in Staves
  2300 | D:3      | Reached skill level 1 in Slings
  2300 | D:3      | Reached skill level 1 in Bows
  2300 | D:3      | Reached skill level 1 in Crossbows
  2300 | D:3      | Reached skill level 1 in Stealth
  2300 | D:3      | Reached skill level 1 in Shields
  2300 | D:3      | Reached skill level 1 in Unarmed Combat
  2300 | D:3      | Reached skill level 1 in Evocations
  2448 | D:3      | Noticed a necrophage
  2451 | D:3      | Reached XP level 4. HP: 32/38 MP: 11/11
  2536 | D:3      | Slain by a gnoll

Illustrated notes

Levels and vault maps discovered:
D:1:      psy_arrival_radial02, layout_basic,
          dreamdust_ecumenical_altar_angels_and_demons
D:2:      layout_basic, minivault_27
D:3:      layout_loops_ring, nicolae_elevator_lobby_plus

Skill      XL: |  1  2  3 |
---------------+----------+-----
Spellcasting   | 5 |  5.1
Invocations    | 1 |  1.2
Short Blades   | 1 |  1.1
Long Blades    | 1 |  1.1
Axes           | 1 |  1.1
Maces & Flails | 1 |  1.1
Staves         | 1 |  1.1
Slings         | 1 |  1.1
Bows           | 1 |  1.1
Crossbows      | 1 |  1.1
Stealth        | 1 |  1.1
Shields        | 1 |  1.1
Unarmed Combat | 1 |  1.1
Evocations     | 1 |  1.1
Fighting       | |  4.6
Polearms       | |  4.6
Throwing       | |  2.7
Armour         | |  2.7
Dodging        | |  4.6
Conjurations   | |  0.9
Hexes          | |  0.9
Summonings     | |  0.9
Necromancy     | |  0.9
Translocations | |  5.4
Transmutations | |  0.9
Fire Magic     | |  0.9
Ice Magic      | |  0.9
Air Magic      | |  0.9
Earth Magic    | |  0.9
Poison Magic   | |  0.9

Action                   |  1- 3 |  4- 6 || total
-------------------------+-------+-------++-------
Melee: Spear             |   186 |    24 ||   210
       Bite              |    15 |     2 ||    17
 Stab: Sleeping          |     3 |       ||     3
Armor: Leather armour    |    27 |     3 ||    30
Dodge: Dodged            |    73 |     3 ||    76
Block: Buckler           |    27 |     3 ||    30
